 Dungeon Crawl Stone Soup version 0.21-a0-91-ga5031da (webtiles) character file.

1872 KristoblXynda the Covert (level 8, -12/55 HPs)
             Began as a Vampire Gladiator on June 28, 2017.
             Was a Believer of Uskayaw.
             Mangled by an ogre
             ... wielding a +0 giant club
              (19 damage)
             ... on level 5 of the Dungeon.
             The game lasted 00:12:48 (6201 turns).

KristoblXynda the Covert (Vampire Gladiator)        Turns: 6201, Time: 00:12:49

Health: -12/55     AC:  8    Str: 15    XL:     8   Next: 91%
Magic:  8/8        EV: 13    Int: 10    God:    Uskayaw [**....]
Gold:   339        SH:  0    Dex: 16    Spells: 7/7 levels left

rFire    . . .     SeeInvis +   a - +0 long sword
rCold    + . .     Gourm    .   (no shield)
rNeg     + + .     Faith    .   t - +0 ring mail
rPois    +         Spirit   .   c - +0 helmet
rElec    .         Reflect  .   i - +0 cloak
rCorr    .         Harm     .   (no gloves)
MR       .....                  (no boots)
Stlth    +++++.....             (no amulet)
HPRegen  0.09/turn              (no ring)
MPRegen  0.11/turn              (no ring)

@: regenerating slowly
A: fangs 3, see invisible, unbreathing
a: Bat Form, Stomp, Line Pass, Renounce Religion


You were on level 5 of the Dungeon.
You worshipped Uskayaw.
Uskayaw was noncommittal.
You were very thirsty.

You visited 1 branch of the dungeon, and saw 5 of its levels.
You also visited: Ossuary.

You collected 339 gold pieces.

Inventory:

Hand Weapons
 a - a +0 long sword (weapon)
Missiles
 d - 2 throwing nets (quivered)
Armour
 c - a +0 helmet (worn)
 i - a +0 cloak (worn)
 t - a +0 ring mail (worn)
Wands
 p - a wand of iceblast (10/15)
Scrolls
 b - a scroll of magic mapping
 j - a scroll of immolation
 m - a scroll of amnesia
 q - a scroll of remove curse
 s - a scroll of identify
Potions
 e - 6 potions of blood
 f - a potion of cancellation
 g - 2 potions of flight
 h - a potion of might
 k - 3 potions of mutation
 n - a potion of haste
 r - a potion of magic
Books
 l - a book of Callings

   Spells                             Type                      Level
   a - Summon Small Mammal            Summoning                    1
   b - Call Imp                       Summoning                    2
   c - Call Canine Familiar           Summoning                    3
   d - Summon Guardian Golem          Hexes/Summoning              3
   e - Summon Lightning Spire         Summoning/Air                4
   f - Summon Ice Beast               Ice/Summoning                4
 o - a book of Misfortune

   Spells                             Type                      Level
   a - Confusing Touch                Hexes                        1
   b - Confuse                        Hexes                        3
   c - Gell's Gravitas                Translocation                3
   d - Petrify                        Transmutation/Earth          4
   e - Metabolic Englaciation         Hexes/Ice                    5
   f - Yara's Violent Unravelling     Hexes/Transmutation          5


   Skills:
 - Level 1.7 Fighting
 + Level 7.4 Long Blades
 - Level 1.5 Throwing
 - Level 5.1 Armour
 - Level 4.1 Dodging
 + Level 9.7 Stealth
 + Level 0.6 Invocations
 + Level 0.6 Evocations


You had 7 spell levels left.
You didn't know any spells.

Dungeon Overview and Level Annotations

Branches:
Dungeon (5/15)
 Temple: D:4-7

Altars:
Cheibriados
Gozag
Ru
Uskayaw
The Shining One

Shops:
D:4 %


Innate Abilities, Weirdness & Mutations

You heal slowly.
You have razor-sharp teeth.
You have supernaturally acute eyesight. (SInv)
You can survive without breathing.


Message History

You hit the ogre. You bite the ogre, but do no damage.
The ogre is heavily wounded.
You hit the ogre but do no damage.
The ogre is heavily wounded.
The ogre hits you with a giant club.
You hit the ogre.
The ogre is heavily wounded.
The ogre hits you with a giant club!
* * * LOW HITPOINT WARNING * * *
You closely miss the ogre.
The ogre is heavily wounded.
The ogre hits you with a giant club!
* * * LOW HITPOINT WARNING * * *
You hit the ogre.
The ogre is heavily wounded.
You can now pass through a line of other dancers.
You completely miss the ogre.
The ogre is heavily wounded.
The ogre hits you with a giant club!!
You die...

#..# #.......# #.# #..#
###.......### #.# # #..##
#.'...♣...'.####.# #
#...#####.#.......#..##..# ##
#<........#.......#.....####.
#.........##.....##.....###..
####.......#######.......#...
#####...O#####............
##...@.....#####......
#....>....#### #......
#.<.......### #......
###......## ##...... ####.).#
#....... ##..# ##..###.. ##.#
##..## ##. #.# ##..## ##
#..## #


You could see an ogre.

Vanquished Creatures
  Grinder (D:4)
  Eustachio (D:4)
  An ice beast (D:5)
  3 ogres
  A centaur (D:5)
  A crocodile (D:5)
  A bullfrog (D:5)
  3 water moccasin zombies (Ossuary)
  A scorpion (D:5)
  A howler monkey (D:4)
  A hound (D:5)
  A bullfrog skeleton (D:4)
  2 orc priests (D:4)
  An iguana (D:4)
  A jelly (D:5)
  An orc wizard (D:4)
  Ijyb (D:3)
  Terence (D:3)
  6 worker ants
  2 big kobold zombies (Ossuary)
  A hound zombie (D:5)
  2 mummies (Ossuary)
  10 adders
  A shadow imp (D:5)
  An ooze (D:1)
  4 adder zombies
  3 worms
  3 dart slugs
  4 leopard geckos
  6 orcs
  11 bats
  3 giant cockroaches
  13 goblins
  7 hobgoblins
  7 jackals
  3 quokkas
  6 frilled lizards
  2 gnoll zombies (Ossuary)
  3 hobgoblin zombies (Ossuary)
  A jackal skeleton (D:4)
  10 kobolds
  6 kobold zombies (Ossuary)
  6 orc zombies (Ossuary)
  A quokka zombie (D:5)
  4 rats
149 creatures vanquished.

Notes
Turn   | Place    | Note
-------+----------+-------------------------------------------
     0 | D:1      | KristoblXynda the Vampire Gladiator began the quest for the Orb.
     0 | D:1      | Reached XP level 1. HP: 16/16 MP: 1/1
   401 | D:1      | Reached XP level 2. HP: 22/22 MP: 2/2
   778 | D:2      | Reached skill level 1 in Armour
   778 | D:2      | Reached XP level 3. HP: 27/27 MP: 3/3
  1290 | D:2      | Reached XP level 4. HP: 18/33 MP: 4/4
  2020 | D:3      | Noticed Ijyb
  2032 | D:3      | Killed Ijyb
  2032 | D:3      | Reached skill level 1 in Stealth
  2404 | D:3      | Noticed Terence
  2413 | D:3      | Killed Terence
  2413 | D:3      | Reached XP level 5. HP: 29/38 MP: 5/5
  2419 | D:3      | Found an opulent altar of Gozag.
  2433 | D:3      | Noticed an ogre
  2451 | D:3      | Killed an ogre
  2451 | D:3      | Reached skill level 3 in Stealth
  2728 | D:3      | Found a snail-covered altar of Cheibriados.
  2840 | D:3      | Noticed an ogre
  2853 | D:3      | Reached XP level 6. HP: 43/44 MP: 6/6
  2862 | D:3      | Reached skill level 4 in Stealth
  3269 | D:3      | Found a hide-covered altar of Uskayaw.
  3270 | D:3      | Found a glowing golden altar of the Shining One.
  3275 | D:3      | Reached skill level 5 in Long Blades
  3283 | D:3      | Became a worshipper of Uskayaw the Reveler
  3542 | D:4      | Reached * piety under Uskayaw
  3584 | D:4      | Reached ** piety under Uskayaw
  3653 | D:4      | Found Ukurgh's Food Shop.
  3663 | D:4      | Reached skill level 5 in Stealth
  3697 | D:4      | Noticed Eustachio
  3719 | D:4      | Noticed Grinder
  3733 | D:4      | Reached *** piety under Uskayaw
  3737 | D:4      | Reached **** piety under Uskayaw
  3738 | D:4      | Killed Grinder
  3738 | D:4      | Reached skill level 6 in Stealth
  3738 | D:4      | Reached XP level 7. HP: 49/49 MP: 7/7
  3756 | D:4      | Killed Eustachio
  3945 | D:4      | Reached skill level 7 in Stealth
  4011 | D:4      | Found a sand-covered staircase.
  4015 | Ossuary  | Entered an ossuary
  4268 | Ossuary  | Reached XP level 8. HP: 51/55 MP: 8/8
  4748 | D:4      | Reached skill level 8 in Stealth
  5106 | D:5      | Entered Level 5 of the Dungeon
  5177 | D:5      | HP: 4/82 [crocodile (6)]
  5612 | D:5      | Reached skill level 9 in Stealth
  5717 | D:5      | Reached skill level 5 in Armour
  5898 | D:5      | Found a sacrificial altar of Ru.
  6201 | D:5      | Mangled by an ogre

Vault maps used:
D:1:      onia_arrival_pyramid, minmay_tiny_reverse_x
D:2:      lemuel_upstairs_altar
D:3:      kennysheep_goblin_castle, grunt_gozag_statues, lemuel_doored_altar,
          gammafunk_temple_overflow_pools, minmay_misc_feat_more_columns,
          st_stairs_10, uniq_terence
D:4:      enter_ossuary_5, serial_shops, shop_coins, uniq_grinder,
          uniq_eustachio
D:5:      kennysheep_little_box, first_bread, minmay_misc_feat_rugged,
          minivault_23, kennysheep_flooded_box
Ossuary:  ossuary_tomb_2

Skill      XL: |  1  2  3  4  5  6  7  8 |
---------------+-------------------------+-----
Armour         | 1 2 3 4 5 |  5.1
Long Blades    | 4 5 6 7 |  7.4
Dodging        | 4 |  4.1
Stealth        | 1 3 6 7 9 |  9.7
Fighting       | |  1.7
Throwing       | |  1.5
Invocations    | |  0.6
Evocations     | |  0.6

Action                   |  1- 3 |  4- 6 |  7- 9 || total
-------------------------+-------+-------+-------++-------
Melee: Long sword        |    70 |   176 |   282 ||   528
       Bite              |    16 |    23 |    55 ||    94
Throw: Throwing net      |       |     2 |       ||     2
 Abil: End Transformatio |       |     1 |       ||     1
       Bat Form          |       |     1 |       ||     1
  Use: Potion            |       |    16 |     9 ||    25
       Scroll            |       |    13 |     6 ||    19
 Stab: Sleeping          |     3 |     4 |     8 ||    15
       Held in net/web   |       |     1 |       ||     1
       Paralysed         |       |     1 |     3 ||     4
Armor: Leather armour    |    32 |    22 |       ||    54
       Ring mail         |       |    30 |    93 ||   123
       Skin              |       |       |   157 ||   157
Dodge: Dodged            |    68 |   152 |   210 ||   430
       Rpst.: Long sword |    25 |    50 |    45 ||   120
